 Dungeon Crawl Stone Soup version 0.29.0-4-gdea44cf6ec (webtiles) character file.

Game seed: 15107799808789703324

31 qw the Chopper (level 3, 0/29 HPs)
             Began as a Demonspawn Cinder Acolyte on Sept 10, 2022.
             Was a High Priest of Ignis.
             Succumbed to a kobold's poison
             ... on level 1 of the Dungeon.
             The game lasted 00:00:27 (1432 turns).

qw the Chopper (Demonspawn Cinder Acolyte)          Turns: 1432, Time: 00:00:27

Health: 0/29       AC: 10    Str: 14 (16) XL:     3   Next: 7%
Magic:  4/4        EV: 13    Int: 12 (15) God:    Ignis [*****.]
Gold:   70         SH:  0    Dex:  6 (8)  Spells: 4/4 levels left

rFire   + . .      SeeInvis .   Y - -1 hand axe (flame)
rCold   . . .      Faith    .   (no shield)
rNeg    . . .      Spirit   .   d - +0 leather armour
rPois   .          Reflect  .   (no helmet)
rElec   .          Harm     .   (no cloak)
rCorr   .          Rampage  .   (no gloves)
Will    .....                   (no boots)
Stlth   +.........              (no amulet)
HPRegen 0.09/turn               (no ring)
MPRegen 0.09/turn               (no ring)

@: lethally poisoned (0 -> -26), fiery-armoured
A: repulsion field 1
a: Renounce Religion, Fiery Armour, Foxfire Swarm, Rising Flame


You were on level 1 of the Dungeon.
You worshipped Ignis.
Ignis was extremely pleased with you.
You visited 1 branch of the dungeon, and saw 2 of its levels.

You collected 70 gold pieces.


Innate Abilities, Weirdness & Mutations

You are surrounded by a mild repulsion field. (EV +2)


   Skills:
 - Level 3.0 Fighting
 + Level 3.9 Axes
 - Level 1.0 Spellcasting
 - Level 2.6 Fire Magic


You had 4 spell levels left.
You didn't know any spells.
Your spell library contained the following spells:

 Spells                   Type           Power      Damage    Failure   Level
 Scorch                   Fire           14%        2d6       19%         2

Inventory:

Hand Weapons
 Y - a -1 hand axe of flaming (weapon)
Armour
 d - a +0 leather armour (worn)
Potions
 g - a potion of curing {unknown}

Dungeon Overview and Level Annotations

Branches:
Dungeon (2/15)

Altars:

Shops:
D:1 (


Message History

You kill the kobold!
You start resting.
HP restored.
Done exploring.
(D) Dungeon
Where to? (* - list waypoints, Enter - D:2, ? - help)
What level of the Dungeon? (default 1, ? - help)
You climb downwards.
The kobold hits you with a +1 dagger of venom.
There is a stone staircase leading up here.
You closely miss the kobold. The kobold barely misses you.
You barely miss the kobold. The kobold completely misses you.
You hit the kobold but do no damage. The kobold hits you but does no damage.
You are poisoned.
You hit the kobold but do no damage.
You feel very sick.
The kobold hits you with a +1 dagger of venom.
You are more poisoned.
A frilled lizard comes into view.
1429 ||| STAIRDANCE You feel very sick.
The frilled lizard hisses angrily.
The kobold hits you but does no damage.
You are lethally poisoned!
You climb upwards.
You feel extremely sick.
There is a stone staircase leading down here.
1431 ||| INVOKING Fiery Armour.
A protective cloak of flame settles atop you.
You feel very sick.
The kobold hits you with a +1 dagger of venom.
You are more poisoned.
The kobold is burned by your cloak of flames.
The kobold is severely wounded.
You hit the kobold. You burn the kobold.
You kill the kobold!
You die...

#g# ##.#.....#####...#####
#.###.#.####.........#
##.##.###.########.####
#....#####.## #.#
#.#.....###.# #.#
#..........## #.########
####..#.#..#######........#
#.#...#.#........#####..
#.##...@..######.#####..
#.#####))..## #.##.....
#.#####8.8.8# #.##^##..
#.......}.}.# #.##.##..
#######8.\.8# #........
#.}.}.# ####.#### #8.8.8#
#.# ####### #.# #.#


There were no monsters in sight!

Vanquished Creatures
  2 ball pythons (D:1)
  3 endoplasms (D:1)
  2 giant cockroaches (D:1)
  4 goblins (D:1)
  2 hobgoblins (D:1)
  4 jackals (D:1)
  4 kobolds
  2 quokkas (D:1)
  A bat (D:1)
  A rat (D:1)
25 creatures vanquished.

Vanquished Creatures (others)
  A plant (D:1)
1 creature vanquished.

Grand Total: 26 creatures vanquished

Notes
Turn   | Place    | Note
-------+----------+-------------------------------------------
     0 | D:1      | qw the Demonspawn Cinder Acolyte began the quest for the
                  | Orb.
     0 | D:1      | Reached XP level 1. HP: 18/18 MP: 2/2
     0 | D:1      | 0 ||| qw: Version: 0.1-a-113-g051387a
     0 | D:1      | 0 ||| qw: Game counter: 7381
     0 | D:1      | 0 ||| qw: Always use a shield: true
     0 | D:1      | 0 ||| qw: God list: Okawaru
     0 | D:1      | 0 ||| qw: Allow faded altars: false
     0 | D:1      | 0 ||| qw: Do Orc after D:15 true
     0 | D:1      | 0 ||| qw: Do second Lair branch before Depths: true
     0 | D:1      | 0 ||| qw: Lair rune preference: random
     0 | D:1      | 0 ||| qw: Plans: Normal
     0 | D:1      | 0 ||| PLANNING D:1-11
    75 | D:1      | 75 ||| Stepping ~*~*~tactically~*~*~ (stealth).
    80 | D:1      | 80 ||| Stepping ~*~*~tactically~*~*~ (stealth).
   117 | D:1      | Reached skill level 3 in Axes
   154 | D:1      | Gained mutation: You are surrounded by a mild repulsion
                  | field. (EV +2) [demonic ancestry]
   154 | D:1      | Reached XP level 2. HP: 19/24 MP: 3/3
   710 | D:1      | Found Rantitas's Antique Weapon Emporium.
   753 | D:1      | 753 ||| SHOPLISTING war axe (91 gold, have 63).
   847 | D:1      | 847 ||| Stepping ~*~*~tactically~*~*~ (stealth).
  1114 | D:1      | 1114 ||| Stepping ~*~*~tactically~*~*~ (stealth).
  1116 | D:1      | 1116 ||| Stepping ~*~*~tactically~*~*~ (water).
  1123 | D:1      | Reached XP level 3. HP: 22/29 MP: 4/4
  1206 | D:1      | Found a faded altar of an unknown god.
  1291 | D:1      | 1291 ||| UPGRADING to +0 leather armour.
  1301 | D:1      | 1301 ||| DROPPING +0 robe.
  1302 | D:1      | 1302 ||| READING scroll labelled YPULOPI WIOWK.
  1303 | D:1      | 1303 ||| READING scroll labelled HYN QUOXULLAMM.
  1304 | D:1      | 1304 ||| DRINKING 2 viscous blue potions.
  1305 | D:1      | 1305 ||| DRINKING 3 inky potions.
  1306 | D:1      | 1306 ||| DROPPING potion of degeneration.
  1307 | D:1      | 1307 ||| DROPPING 2 potions of brilliance.
  1341 | D:2      | 1341 ||| STAIRDANCE
  1384 | D:2      | 1384 ||| STAIRDANCE
  1429 | D:2      | 1429 ||| STAIRDANCE
  1431 | D:1      | 1431 ||| INVOKING Fiery Armour.
  1431 | D:1      | HP: 6/29 [kobold/+1 dagger of venom (2)]
  1432 | D:1      | Succumbed to a kobold's poison

Levels and vault maps discovered:
D:1:      minmay_arrival_stone_box, layout_loops_cross,
          shapermc_ecumenical_altar_hornbeckon, serial_shops,
          nicolae_shop_temple_entry_statues_fountains, kennysheep_nondescript
D:2:      kennysheep_big_flooded_room, layout_rooms, grunt_decor_junction,
          minmay_pentomino_s4

Skill      XL: |  1 |
---------------+----+-----
Axes           | 3 |  3.9
Fighting       | |  3.0
Spellcasting   | |  1.0
Fire Magic     | |  2.6

Action                   || total
-------------------------++-------
Melee: Hand axe          ||    98
       Punch             ||     1
Invok: Fiery Armour      ||     1
  Use: Scroll            ||     2
       Potion            ||     2
Armor: Robe              ||    19
       Leather armour    ||     3
Dodge: Dodged            ||    70

Table legend:
 A = Non-vault XP
 B = Vault XP
 C = Vault XP percentage of total XP
 D = Non-vault monster count
 E = Vault monster count
 F = Vault count percentage of total count
                 A         B        C        D         E       F
            +---------+---------+-------+---------+---------+-------
      Total |      42 |       5 |  10.6 |      22 |       3 |  12.0
            +---------+---------+-------+---------+---------+-------
        D:1 |      42 |       4 |   8.7 |      22 |       2 |   8.3
        D:2 |       0 |       1 | 100.0 |       0 |       1 | 100.0
            +---------+---------+-------+---------+---------+-------
